 Dungeon Crawl Stone Soup version 0.29-a0-330-g52719c12eb (webtiles) character file.

Game seed: 12531807102225901516

7765 kae the Arsonist (level 11, -5/65 HPs)
             Began as a Tengu Fire Elementalist on Apr 14, 2022.
             Was a Follower of Ashenzari.
             Slain by a two-headed ogre
             ... wielding a +0 giant spiked club
              (26 damage)
             ... on level 10 of the Dungeon.
             The game lasted 00:12:02 (14480 turns).

kae the Arsonist (Tengu Fire Elementalist)         Turns: 14480, Time: 00:12:03

Health: -5/65      AC: 13    Str: 12    XL:     11   Next: 20%
Magic:  21/21      EV: 17    Int: 20    God:    Ashenzari [*.....]
Gold:   442        SH:  5    Dex: 14    Spells: 10/23 levels left

rFire   + + .      SeeInvis .   g - +3 Elemental Staff {rElec rF++ rC++ AC+5, Self, Bglg} (curse)
rCold   + + .      Faith    .   (no shield)
rNeg    . . .      Spirit   .   a - +1 robe
rPois   .          Reflect  +   k - +2 hat
rElec   +          Harm     .   F - +2 cloak of Ashenzari's Hedonism {Elem, Range} (curse)
rCorr   .          Rampage  .   (no gloves)
Will    .....                   (boots unavailable)
Stlth   ++........              q - amulet of Qoczun {Reflect +Blink Str+3 SH+5}
HPRegen 0.20/turn               o - +4 ring of protection
MPRegen 0.17/turn               y - +4 ring of slaying

@: corroded, on berserk cooldown, flying quickly and evasively, slowed, studying
Bows, very slow
A: beak, talons 3, nimble flight
a: Renounce Religion, Evoke Blink, Curse Item, Shatter the Chains


You were on level 10 of the Dungeon.
You worshipped Ashenzari.
Ashenzari was aware of your devotion.
You visited 2 branches of the dungeon, and saw 11 of its levels.
You also visited: Ossuary.

You collected 591 gold pieces.
You spent 149 gold pieces at shops.

Inventory:

Hand Weapons
 g - the cursed +3 Elemental Staff (weapon) {rElec rF++ rC++ AC+5, Self, Bglg}
   (You acquired it on level 2 of the Dungeon)

   If the wielder is skilled in Evocations, they can discharge powerful blasts
   of elemental energy when striking with it.
   It enhances your fire, ice, earth and air magic.
   AC:        It affects your AC (+5).
   rF:        It greatly protects you from fire.
   rC:        It greatly protects you from cold.
   rElec:     It insulates you from electricity.
   It has a curse which improves the following skills: Introspection: Fighting
   and Spellcasting.
   Beguiling: Conjurations, Hexes and Translocations.
 i - the +7 staff of the Meek {protect, meekguard}
   (You found it on level 3 of the Dungeon)

   It grants its wielder temporary protection when it strikes (+7 to AC).
   It provides extra protection to wielders with little health.
 l - a +0 whip of freezing
Missiles
 f - 6 throwing nets
Armour
 a - a +1 robe (worn)
 k - a +2 hat (worn)
 F - the cursed +2 cloak of Ashenzari's Hedonism (worn) {Elem, Range}
   (You bought it in a shop on level 9 of the Dungeon)

   It has a curse which improves the following skills: Elements: Fire Magic, Ice
   Magic, Air Magic and Earth Magic.
   Ranged Combat: Slings, Bows, Crossbows and Throwing.
Jewellery
 o - a +4 ring of protection (left hand)
 q - the amulet of Qoczun (around neck) {Reflect +Blink Str+3 SH+5}
   (You took it off an orc warrior on level 4 of the Dungeon)

   [amulet of reflection]

   It reflects blocked missile attacks.
   Str:       It affects your strength (+3).
   +Blink:    It lets you blink.
   SH:        It affects your SH (+5).
 y - a +4 ring of slaying (right hand)
 C - a ring of wizardry
 I - a +6 ring of intelligence
Wands
 r - a wand of iceblast (34)
 s - a wand of mindburst (21)
 u - a wand of digging (5)
 w - a wand of acid (5)
 E - a wand of flame (5)
 G - a wand of polymorph (7)
Scrolls
 e - a scroll of enchant weapon
 j - 2 scrolls of brand weapon
 v - 5 scrolls of amnesia
 x - a scroll of silence
 B - 3 scrolls of identify
Potions
 b - 7 potions of magic
 c - 3 potions of heal wounds
 d - 5 potions of curing
 h - 2 potions of degeneration
 m - 2 potions of brilliance
 n - a potion of berserk rage
 p - 2 potions of flight
 t - 2 potions of mutation
 z - 3 potions of ambrosia
 A - 2 potions of might
 H - a potion of lignification


   Skills:
 + Level 5.4(6.3) Fighting
 + Level 6.0 Staves
 + Level 5.8 Armour
 + Level 6.7 Dodging
 - Level 2.0 Stealth
 + Level 5.6(6.5) Spellcasting
 + Level 7.5(8.4) Conjurations
 * Level 9.5(10.4) Fire Magic
 + Level 5.2 Evocations


You had 10 spell levels left.
You knew the following spells:

 Your Spells              Type           Power      Damage    Failure   Level
a - Foxfire               Conj/Fire      100%       2x1d9     1%          1
b - Scorch                Fire           100%       2d10      1%          2
c - Conjure Flame         Conj/Fire      60%        6-21      1%          3
d - Inner Flame           Hex/Fire       41%        N/A       3%          3
e - Flame Wave            Conj/Fire      60%        2d12      1%          4

Your spell library contained the following spells:

 Spells                   Type           Power      Damage    Failure   Level
 Stone Arrow              Conj/Erth      70%        3d11      5%          3
 Apportation              Tloc           12%        N/A       10%         1
 Sandblast                Erth           20%        2d7       10%         1
 Slow                     Hex            24%        N/A       10%         1
 Passwall                 Tmut/Erth      8%         N/A       14%         2
 Hailstorm                Conj/Ice       35%        3d9       17%         4
 Confusing Touch          Hex            6%         N/A       28%         3
 Vampiric Draining        Necr           6%         2d6       30%         3
 Lightning Bolt           Conj/Air       17%        1d32      43%         5
 Airstrike                Air            5%         N/A       67%         4
 Ice Form                 Ice/Tmut       10%        N/A       67%         4
 Summon Lightning Spire   Summ/Air       9%         N/A       69%         4
 Alistair's Intoxication  Tmut/Pois      4%         N/A       95%         5
 Simulacrum               Ice/Necr       5%         N/A       100%        6
 Storm Form               Tmut/Air       4%         N/A       100%        7
 Maxwell's Capacitive Co  Air            5%         ∞         100%        8


Dungeon Overview and Level Annotations

Branches:
Dungeon (10/15)            Temple (1/1) D:6            Lair (0/6) D:8
    Orc (0/2) D:9         Ossuary (visited)

Altars:
Ashenzari
Cheibriados
Dithmenos
Elyvilon
Fedhas
Gozag
Hepliaklqana
Kikubaaqudgha
Makhleb
Nemelex Xobeh
Okawaru
Qazlal
Ru
Sif Muna
Trog
Uskayaw
Vehumet
Wu Jian
Xom
Yredelemnul
Zin
The Shining One
Beogh

Shops:
D:1 [   D:6 :   D:9 [([

Annotations:
D:5 2 transporters, Sapher's ghost, amateur MyTm


Innate Abilities, Weirdness & Mutations

You have a beak for a mouth.
You have claws for feet.
Your magical nature lets you fly swiftly and evasively.


Message History

Something barely misses you. The acid dragon spits acid at you.
The splash of acid hits you. The acid corrodes you!
A gnoll shaman comes into view. It is wielding a +0 whip.
The gnoll shaman shouts!
You hear a shout!
You sock the acid dragon! You crush the acid dragon!
You peck the acid dragon, but do no damage.
The acid dragon is almost dead.
A howler monkey comes into view.
Something hits you.
You sock the acid dragon!
You kill the acid dragon!
The +0 acid dragon scales are intact enough to wear.
Something hits you. Something hits you but does no damage.
Your Staves skill increases to level 6!
Something hits you.
You are no longer berserk.
You are exhausted.
You feel yourself slow down.
You see here 16 gold pieces.
You miss something. Your kick misses something. You peck something.
Something hits you. x2
The kobold brigand throws a poisoned dart.
You reflect the poisoned dart off an invisible shield around you!
Something hits you.
* * * LOW HITPOINT WARNING * * *
You hit something but do no damage.
You electrocute something!!
Your kick misses something.
Something hits you but does no damage. x2
You feel much better.
Reactivating autopickup.
You feel a bit more experienced.
The two-headed ogre hits you with a +0 giant spiked club!!
The two-headed ogre barely misses you.
You hit the two-headed ogre. You crush the two-headed ogre!!
You claw the two-headed ogre! You peck the two-headed ogre.
The two-headed ogre is severely wounded.
The howler monkey hoots and howls with incredible vigour!
A troll comes into view.
The two-headed ogre hits you with a +0 giant spiked club!!
You die...

...#..## #.............
.......## #.............
....... ##..###########
#..... ##...#....#....#
#..h####....#....#....'
#..........#....#[...#
#..........#'##.######
#..h#####.....#.###...
#..KO@..#.....#...#...
#...####.#.....#...#...
#..$... #.....#...#...
..T........ #.....#...'...
........##...#.....#####...
#....#..##
#..####.......... #..#.#..#
..#..#.......... #..#.#...
.#..#.........>
##..#..........


You could see a two-headed ogre, a troll, a kobold brigand (poisoned) and a
howler monkey (catching breath).

Vanquished Creatures
  A two-headed ogre (D:10)
  A gargoyle (D:10)
  2 komodo dragons (D:8)
  2 trolls
  A hornet (D:10)
  Grinder (D:6)
  A shadow (D:10)
  3 wyverns
  Eustachio (D:7)
  A basilisk (D:8)
  Menkaure (D:4)
  3 steam dragons
  An acid dragon (D:10)
  A water moccasin (D:9)
  Duvessa (D:6)
  7 orc warriors
  An ogre (D:5)
  2 centaurs
  A phantom (D:7)
  A kobold brigand (D:9)
  An elf zombie (Ossuary)
  3 necrophages
  5 scorpions
  5 wights (D:8)
  Dowan (D:6)
  8 killer bees (D:8)
  5 howler monkeys
  4 centaur zombies (Ossuary)
  2 hounds
  7 orc priests
  2 jellies
  3 iguanas
  Ijyb (D:4)
  12 orc wizards
  2 mummies (Ossuary)
  15 gnolls
  8 adders
  2 white imps (D:8)
  An ufetubus (D:6)
  An adder zombie (Ossuary)
  2 worms (D:4)
  3 dart slugs
  42 orcs
  4 ball pythons
  8 bats
  8 endoplasms
  9 goblins
  7 hobgoblins
  4 jackals (D:3)
  5 quokkas
  3 frilled lizards
  4 goblin zombies (Ossuary)
  8 hobgoblin zombies (Ossuary)
  A jackal zombie (Ossuary)
  8 kobolds
  7 kobold zombies (Ossuary)
  11 orc zombies (Ossuary)
  4 rats
259 creatures vanquished.

Vanquished Creatures (collateral kills)
  A foxfire (D:4)
1 creature vanquished.

Vanquished Creatures (others)
  An unseen horror (D:10)
  2 orcs (D:9)
  738 foxfires
  3 plants (D:4)
744 creatures vanquished.

Grand Total: 1004 creatures vanquished

Notes
Turn   | Place    | Note
-------+----------+-------------------------------------------
     0 | D:1      | kae the Tengu Fire Elementalist began the quest for the
                  | Orb.
     0 | D:1      | Reached XP level 1. HP: 10/10 MP: 4/4
   231 | D:1      | Reached XP level 2. HP: 15/15 MP: 0/6
   851 | D:1      | Found a faded altar of an unknown god.
   922 | D:1      | Found Qokyu's Armour Boutique.
  1252 | D:1      | Reached XP level 3. HP: 20/20 MP: 3/7
  1255 | D:1      | Learned a level 2 spell: Scorch
  1259 | D:1      | Learned a level 3 spell: Conjure Flame
  2502 | D:2      | Reached skill level 4 in Fire Magic
  2556 | D:2      | Reached skill level 1 in Fighting
  2556 | D:2      | Reached XP level 4. HP: 25/25 MP: 3/8
  2909 | D:2      | Identified a scroll of acquirement
  2909 | D:2      | Acquired the +3 Elemental Staff {rElec rF++ rC++ AC+5}
  2909 | D:2      | Found the +3 Elemental Staff {rElec rF++ rC++ AC+5}
  3274 | D:3      | Found a shimmering altar of Xom.
  3347 | D:3      | Gained mutation: Your magical nature lets you fly swiftly
                  | and evasively. [Tengu growth]
  3347 | D:3      | Reached XP level 5. HP: 29/29 MP: 4/9
  3575 | D:3      | Reached skill level 1 in Staves
  3624 | D:3      | Reached skill level 1 in Armour
  3624 | D:3      | Reached XP level 6. HP: 32/35 MP: 5/11
  3728 | D:3      | Found a bloodstained altar of Trog.
  3951 | D:3      | Reached skill level 1 in Evocations
  4060 | D:3      | Found the +7 staff of the Meek {protect, meekguard}
  4461 | D:4      | Reached skill level 5 in Fire Magic
  4733 | D:4      | Reached XP level 7. HP: 40/40 MP: 5/12
  4733 | D:4      | Noticed Ijyb
  4874 | D:4      | You are sucked into a shaft and drop 3 floors!
  5838 | D:6      | Noticed a steam dragon
  5849 | D:6      | Killed a steam dragon
  5850 | D:6      | Reached XP level 8. HP: 39/45 MP: 6/14
  5853 | D:6      | Noticed Eustachio
  6025 | D:6      | Found Ibayqiag's Book Shoppe.
  6084 | D:6      | Reached skill level 6 in Fire Magic
  6187 | D:6      | Noticed Duvessa
  6204 | D:6      | Noticed Dowan
  6206 | D:6      | Killed Duvessa
  6238 | D:6      | Killed Dowan
  6419 | D:5      | Entered Level 5 of the Dungeon
  6564 | D:5      | Identified the amulet of Qoczun {Reflect +Blink Str+3 SH+5}
  6623 | D:5      | Found a sand-covered staircase.
  6639 | Ossuary  | Entered an ossuary
  6873 | Ossuary  | Reached skill level 5 in Conjurations
  7080 | D:4      | Reached XP level 9. HP: 30/51 MP: 4/15
  7456 | D:4      | Reached skill level 7 in Fire Magic
  7543 | D:4      | Killed Ijyb
  7590 | D:4      | Found a hazy altar of Hepliaklqana.
  7590 | D:4      | Found a faded altar of an unknown god.
  7610 | D:4      | Found a faded altar of an unknown god.
  7612 | D:4      | Found an iron altar of Okawaru.
  7614 | D:4      | Found a sacrificial altar of Ru.
  7923 | D:4      | Noticed Menkaure
  7932 | D:4      | Killed Menkaure
  8246 | D:5      | Reached skill level 5 in Dodging
  8516 | D:5      | Found a glowing golden altar of the Shining One.
  8559 | D:5      | Found a transporter.
  8592 | D:5      | Found a transporter.
  8647 | D:5      | Noticed Sapher's ghost (amateur MyTm)
  8934 | D:6      | Found a staircase to the Ecumenical Temple.
  8953 | D:6      | Noticed Grinder
  8962 | Temple   | Entered the Ecumenical Temple
  9001 | Temple   | Became a worshipper of Ashenzari the Shackled
  9022 | D:6      | Paralysed by Grinder for 4 turns
  9026 | D:6      | Killed Grinder
  9315 | D:7      | Killed Eustachio
  9474 | D:7      | Noticed a troll
  9487 | D:7      | Killed a troll
  9677 | D:7      | Reached skill level 8 in Fire Magic
  9686 | D:7      | Reached XP level 10. HP: 36/58 MP: 1/18
 11070 | D:8      | Reached skill level 5 in Staves
 11415 | D:8      | Learned a level 3 spell: Inner Flame
 11420 | D:8      | Learned a level 4 spell: Flame Wave
 11744 | D:8      | Found an ornate altar of the Wu Jian Council.
 11840 | D:8      | Reached skill level 5 in Armour
 11840 | D:8      | Reached skill level 5 in Spellcasting
 12246 | D:8      | Found a staircase to the Lair.
 12270 | D:8      | Reached skill level 5 in Fighting
 12982 | D:9      | Found Zife's Weapon Shop.
 12982 | D:9      | Found a staircase to the Orcish Mines.
 12982 | D:9      | Found Lacuos's Armour Shop.
 12994 | D:9      | Bought a +1 cloak for 149 gold pieces
 13145 | D:9      | Found a shadowy altar of Dithmenos.
 13167 | D:9      | Found Joefapse's Armour Emporium.
 13402 | D:9      | Reached skill level 9 in Fire Magic
 13881 | D:10     | Entered Level 10 of the Dungeon
 13894 | D:10     | Reached * piety under Ashenzari
 13950 | D:10     | Found a radiant altar of Vehumet.
 14011 | D:10     | Noticed a gargoyle
 14018 | D:10     | Noticed a two-headed ogre
 14018 | D:10     | Killed a gargoyle
 14239 | D:10     | Reached skill level 5 in Evocations
 14330 | D:10     | Killed a two-headed ogre
 14331 | D:10     | Reached XP level 11. HP: 49/64 MP: 12/21
 14468 | D:10     | Noticed a two-headed ogre
 14480 | D:10     | Slain by a two-headed ogre

Illustrated notes

Levels and vault maps discovered:
D:1:      dpeg_arrival_simpleton_a, layout_loops_ring, serial_shops,
          nicolae_square_shop, dreamdust_ecumenical_altar_angels_and_demons,
          minmay_tetromino_s4
D:2:      layout_loops_ring, kennysheep_generic_room_10
D:3:      layout_rooms, marbit_many_paths,
          mainiacjoe_overflow_concentric_impassable, minivault_26,
          pf_guarded_unrand_meek
D:4:      layout_loops_cross, chequers_temple_overflow_minitemple,
          nicolae_grassy_gnolls, uniq_ijyb, uniq_menkaure
D:5:      layout_loops_ring, nicolae_overflow_crystal_walls,
          gammafunk_ghost_stat_death, enter_ossuary_5, kennysheep_generic_room_3
D:6:      layout_rooms, minmay_temple_entry_arrows, serial_shops,
          nicolae_square_shop, chequers_serial_rivers_micro_e,
          dk_noncrumbling_2, abandoned_shop, uniq_eustachio, uniq_grinder,
          uniq_duvessa
D:7:      layout_basic
D:8:      layout_loops_corners, pdpol_wu_jian_five_deadly_venoms,
          erik_lair_dragon, patterned_corridor
D:9:      layout_long_grid, lemuel_tele_altar, orc_david_3, serial_shops,
          nicolae_shop_hallway_stairs, minmay_misc_feat_columns
D:10:     minmay_four_partial_circles, layout_gridville,
          nicolae_vehumet_altar_sigil, minivault_1
Temple:   nicolae_temple_god_jail

Skill      XL: |  1  2  3  4  5  6  7  8  9 10 11 |
---------------+----------------------------------+-----
Conjurations   | 2 3 4 5 6 7 |  7.5
Fire Magic     | 4 5 6 8 9 |  9.5
Fighting       | 1 2 3 4 5 |  5.4
Dodging        | 3 4 5 6 |  6.7
Staves         | 1 2 3 4 5 6 |  6.0
Armour         | 1 2 3 4 5 |  5.8
Evocations     | 1 2 3 4 5 |  5.2
Spellcasting   | 3 4 5 |  5.6
Stealth        | |  2.0

Action                   |  1- 3 |  4- 6 |  7- 9 | 10-12 || total
-------------------------+-------+-------+-------+-------++-------
Melee: Unarmed           |     3 |       |       |       ||     3
       Peck              |     2 |       |    24 |     9 ||    35
       Staff             |       |       |   117 |    22 ||   139
       Kick              |       |       |    45 |     6 ||    51
       Punch             |       |       |     1 |       ||     1
 Cast: Foxfire           |    86 |   111 |   130 |   116 ||   443
       Scorch            |     1 |     9 |    76 |    66 ||   152
       Conjure Flame     |       |       |     7 |     8 ||    15
       Flame Wave        |       |       |       |     2 ||     2
Invok: Curse Item        |       |       |       |     2 ||     2
Evoke: Wand              |       |       |       |     7 ||     7
  Use: Scroll            |     4 |     8 |     9 |     4 ||    25
       Potion            |       |       |     1 |     2 ||     3
 Stab: Sleeping          |       |       |     3 |       ||     3
Armor: Robe              |     3 |     6 |    88 |    50 ||   147
Dodge: Dodged            |    12 |    24 |   214 |    85 ||   335
Block: Other             |       |       |     4 |    25 ||    29
       Reflection        |       |       |       |     2 ||     2

Table legend: (Time is in decaauts)
 A = Elapsed time spent in this place.
 B = Non-inter-level travel time spent in this place.
 C = Inter-level travel time spent in this place.
 D = Time resting spent in this place.
 E = Time spent auto-exploring this place.
 F = Levels seen in this place.
 G = Mean time per level.
                   A        B        C        D        E       F      G
               +--------+--------+--------+--------+--------+-----+--------+
         Total |  13975 |  13497 |    478 |   1261 |   9846 |  12 | 1164.6 |
       Dungeon |  13550 |  13089 |    461 |   1200 |   9701 |  10 | 1355.0 |
        Temple |     48 |     32 |     16 |      0 |     18 |   1 |   48.0 |
       Ossuary |    375 |    375 |      0 |     61 |    127 |   1 |  375.0 |
               +--------+--------+--------+--------+--------+-----+--------+

Top non-repeatable levels by time:
     D:8: 2455 daAuts
     D:7: 1650 daAuts
     D:1: 1540 daAuts
     D:2: 1453 daAuts
     D:4: 1438 daAuts
     D:3: 1425 daAuts
     D:6: 1233 daAuts
     D:9: 1054 daAuts
     D:5: 858 daAuts
    D:10: 441 daAuts
 Ossuary: 375 daAuts
  Temple: 48 daAuts
